 Dungeon Crawl Stone Soup version 0.28-a0-1038-g9c4cb8273d (webtiles) character file.

Game seed: 14400356290294505039

263 avis the Ruffian (level 5, -1/45 HPs)
             Began as a Demigod Transmuter on Dec 7, 2021.
             Slain by an orc wizard (2 damage)
             ... on level 3 of the Dungeon on Dec 9, 2021.
             The game lasted 00:16:48 (4283 turns).

avis the Ruffian (Demigod Transmuter)               Turns: 4283, Time: 00:16:49

Health: -1/45      AC:  2    Str: 15    XL:     5   Next: 65%
Magic:  18/19      EV: 12    Int: 15    God:
Gold:   57         SH:  0    Dex: 14    Spells: 4/8 levels left

rFire   . . .      SeeInvis .     - Unarmed
rCold   . . .      Faith    .   (no shield)
rNeg    . . .      Spirit   .   a - +0 robe
rPois   .          Reflect  .   (helmet currently unavailable)
rElec   .          Harm     .   (no cloak)
rCorr   .          Rampage  .   (no gloves)
Will    .....                   (boots currently unavailable)
Stlth   +.........              (no amulet)
HPRegen 0.15/turn               u - ring of magical power
MPRegen 0.16/turn               (no ring)

@: appendages (expiring)
A: horns 2, talons 2, high mp 1, forlorn, divine attributes
a: End Transformation


You were on level 3 of the Dungeon.
You had temporarily grown beastly horns and talons.
You visited 1 branch of the dungeon, and saw 4 of its levels.

You collected 57 gold pieces.

Inventory:

Hand Weapons
 j - a +1 whip of flaming
 t - a +0 dagger of venom
 x - a +0 hunting sling
Missiles
 d - 35 arrows
 f - 22 bolts
 i - 96 stones
 y - 7 poisoned darts
 z - 3 boomerangs
Armour
 a - a +0 robe (worn)
 e - a +0 leather armour
Magical Staves
 n - a staff of cold
 s - a staff of air
Jewellery
 u - a ring of magical power (left hand)
Scrolls
 g - 2 scrolls of identify {unknown}
 h - 3 scrolls of summoning {unknown}
 k - a scroll of enchant armour {unknown}
 l - a scroll of fear {unknown}
 o - a scroll of immolation {unknown}
 p - a scroll of acquirement {unknown}
 q - a scroll of brand weapon {unknown}
 A - a scroll of teleportation {unknown}
Potions
 b - 2 potions of degeneration {unknown}
 c - a potion of curing {unknown}
 m - a potion of haste {unknown}
 r - a potion of invisibility {unknown}
 v - a potion of cancellation {unknown}
 w - a potion of brilliance {unknown}


   Skills:
 - Level 3.0 Fighting
 - Level 1.7 Dodging
 + Level 5.1 Unarmed Combat
 - Level 2.0 Spellcasting
 - Level 2.0 Transmutations


You had 4 spell levels left.
You knew the following spells:

 Your Spells              Type           Power      Damage    Failure   Level
a - Beastly Appendage     Tmut           14%        N/A       10%         1
p - Spider Form           Tmut/Pois      4%         N/A       41%         3

Your spell library contained the following spells:

 Spells                   Type           Power      Damage    Failure   Level
 Wereblood                Tmut           7%         N/A       14%         2
 Ensorcelled Hibernation  Hex/Ice        2%         N/A       32%         2
 Sublimation of Blood     Necr           1%         N/A       32%         2
 Tukima's Dance           Hex            1%         N/A       54%         3
 Ice Form                 Ice/Tmut       4%         N/A       82%         4
 Petrify                  Tmut/Erth      4%         N/A       82%         4
 Irradiate                Conj/Tmut      2%         3d14      99%         5


Dungeon Overview and Level Annotations

Branches:
Dungeon (4/15)
 Temple: D:4-7

Shops:
D:1 (   D:3 [


Innate Abilities, Weirdness & Mutations

You have temporarily grown beastly horns and talons.
You have an increased reservoir of magic. (+10% MP)
You shall have no god before yourself.
Your divine heritage dramatically boosts your attributes as you level up.


Message History

Something tries to affect you, but you resist.
A hobgoblin comes into view.
You barely miss the orc.
The orc is severely wounded.
The orc barely misses you. Something hits you but does no damage.
There is a stone staircase leading up here.
The orc completely misses you. Something hits you.
* * * LOW HITPOINT WARNING * * *
You climb upwards.
Reactivating autopickup.
There is a stone staircase leading down, spattered with blood here.
Casting: Beastly Appendage (safe; 10% risk of failure)
Confirm with . or Enter, or press ? or * to list all spells.
You grow a pair of large bovine horns.
Your feet morph into talons.
The orc closely misses you. Something hits you.
* * * LOW HITPOINT WARNING * * *
Deactivating autopickup; reactivate with Ctrl-A.
You hit the orc. Your kick misses the orc.
The orc is almost dead.
The orc barely misses you. Something hits you.
* * * LOW HITPOINT WARNING * * *
You closely miss the orc.
The orc is almost dead.
The orc misses you. Something hits you.
* * * LOW HITPOINT WARNING * * *
You hit the orc but do no damage. Your kick misses the orc.
The orc is almost dead.
The orc hits you with a +0 hand axe.
* * * LOW HITPOINT WARNING * * *
Something hits you.
* * * LOW HITPOINT WARNING * * *
You closely miss the orc.
The orc is almost dead.
Your transformation is almost over.
The orc barely misses you. Something completely misses you.
Okay, then.
You hit the orc.
You kill the orc!
Something hits you.
You die...

#..##
#.#.###........#
#.## #.#.#
####.##### #.# #...#
#.# ..# ##...# #.#
#.#####..#.######.#
.....##.##........#
...#.##.##........#
.#.#.....#.......)#
.._..###........@.#
##.#..............#
##..#.#####.......#
......# ##.......#
.##..## #......<.#
.....# ###........##
..##.# #...######..#
8.##.# #.### ##.#
.....###.#########.#


There were no monsters in sight!

Vanquished Creatures
  A phantom (D:3)
  A hound (D:4)
  6 adders
  A gnoll (D:1)
  A worm (D:2)
  3 dart slugs
  6 orcs
  10 bats
  5 endoplasms
  4 giant cockroaches (D:1)
  10 goblins
  6 hobgoblins
  6 quokkas
  5 ball pythons
  2 frilled lizards
  7 kobolds
  9 rats
83 creatures vanquished.

Notes
Turn   | Place    | Note
-------+----------+-------------------------------------------
     0 | D:1      | avis the Demigod Transmuter began the quest for the Orb.
     0 | D:1      | Reached XP level 1. HP: 15/15 MP: 5/5
    70 | D:1      | Reached skill level 1 in Fighting
   114 | D:1      | Reached skill level 3 in Unarmed Combat
   237 | D:1      | Found Iffulibo's Antique Weapon Boutique.
   284 | D:1      | Reached XP level 2. HP: 23/23 MP: 5/7
  1071 | D:1      | Reached XP level 3. HP: 28/28 MP: 6/8
  1496 | D:1      | Learned a level 3 spell: Spider Form
  1788 | D:2      | Reached skill level 4 in Unarmed Combat
  1943 | D:2      | Reached XP level 4. HP: 9/36 MP: 7/9
  3042 | D:3      | Found Haphaan's Armour Emporium.
  3888 | D:3      | Upgraded the game from 0.28-a0-1033-g1a2f33fa85 to
                  | 0.28-a0-1038-g9c4cb8273d
  3966 | D:4      | Noticed a phantom
  3977 | D:3      | Killed a phantom
  3978 | D:3      | Reached XP level 5. HP: 12/45 MP: 10/10
  4215 | D:4      | Noticed a black bear
  4268 | D:4      | Reached skill level 5 in Unarmed Combat
  4281 | D:3      | HP: 2/45 [orc (3)]
  4283 | D:3      | Slain by an orc wizard

Illustrated notes

Levels and vault maps discovered:
D:1:      saegor_arrival_miasma, layout_basic, serial_shops, shop
D:2:      layout_basic, hellmonk_ecumenical_altar_the_god_not_taken, uniq_robin
D:3:      minmay_recursive_quarters, layout_rooms, lemuel_crystal_altar,
          serial_shops, nicolae_shop_statue_plus, interstate_on_off,
          minmay_checkerbox
D:4:      layout_loops_ring, lemuel_doored_altar,
          mainiacjoe_overflow_cross_hatched, minmay_ruptured, uniq_pikel

Skill      XL: |  1  2  3  4  5 |
---------------+----------------+-----
Fighting       | 1 3 |  3.0
Unarmed Combat | 3 4 5 |  5.1
Spellcasting   | 2 |  2.0
Transmutations | 2 |  2.0
Dodging        | |  1.7

Action                   |  1- 3 |  4- 6 || total
-------------------------+-------+-------++-------
Melee: Unarmed           |    98 |   100 ||   198
       Kick              |    24 |    16 ||    40
       Headbutt          |    16 |    18 ||    34
       Punch             |     2 |     1 ||     3
 Cast: Beastly Appendage |    32 |    30 ||    62
 Stab: Sleeping          |     1 |     1 ||     2
Armor: Robe              |    15 |    14 ||    29
Dodge: Dodged            |    56 |    44 ||   100

Table legend: (Time is in decaauts)
 A = Elapsed time spent in this place.
 B = Non-inter-level travel time spent in this place.
 C = Inter-level travel time spent in this place.
 D = Time resting spent in this place.
 E = Time spent auto-exploring this place.
 F = Levels seen in this place.
 G = Mean time per level.
                   A        B        C        D        E       F      G
               +--------+--------+--------+--------+--------+-----+--------+
         Total |   4274 |   3993 |    281 |   1478 |   1707 |   4 | 1068.5 |
       Dungeon |   4274 |   3993 |    281 |   1478 |   1707 |   4 | 1068.5 |
               +--------+--------+--------+--------+--------+-----+--------+

Top non-repeatable levels by time:
     D:1: 1527 daAuts
     D:3: 1432 daAuts
     D:2: 1254 daAuts
     D:4: 60 daAuts
